Match 46626048
Unlisted

Match 46626048
End
Kradschützen Motorcycle Team
Selects Panzerjäger Kommand Battlegroup
Selects Mine Fields
Panzergrenadier Squad
Panzergrenadier Squad
Construct Light Support Kompanie
Selects Tank Busters
Panzerjäger Squad
Fire Support Elements
Flakvierling Half-track
MG34 Team
Construct Mechanized Kompanie
Selects Defensive Positions
254 Reconnaissance Tractor
Selects Butterfly Bomb Drop
StuG III D Assault Gun
Butterfly Bomb Drop
Panzerpioneer Squad
Selects Crew Shock Tactics
Construct Panzerarmee Kommand
Butterfly Bomb Drop
Flak 36 Anti-tank Gun Team
Panzerjäger Squad
Selects Anti-tank Overwatch
Panzergrenadier Squad
Walking Stuka Rocket Launcher
Marder III Tank Destroyer
Butterfly Bomb Drop
karmelito
Gragas
MG42
Azikal.
rebelguy12
XxWhoDatGuyxX
Tiger
duimianshisb
0
0

Comments sign in to comment!

No comments posted yet!